 Dungeon Crawl Stone Soup version 0.19-a0-830-gd2fbe1e (webtiles) character file.

74 AlphabetPasta the Skirmisher (level 4, -6/29 HPs)
             Began as a Kobold Fighter on June 30, 2016.
             Killed from afar by an orc wizard (11 damage)
             ... with a magic dart
             ... on level 3 of the Dungeon.
             The game lasted 00:08:42 (1870 turns).

AlphabetPasta the Skirmisher (Kobold Fighter)       Turns: 1870, Time: 00:08:43

Health: -6/29      AC:  5    Str: 14    XL:     4   Next: 54%
Magic:  4/4        EV: 12    Int:  6    God:
Gold:   160        SH:  9    Dex: 16    Spells: 0 memorised, 3 levels left

rFire  . . .     SeeInvis .     a - +0 rapier
rCold  . . .     Gourm    .     l - +0 leather armour
rNeg   . . .     Faith    .     c - +0 shield
rPois  .         Spirit   .     (no helmet)
rElec  .         Dismiss  .     h - +1 cloak
rCorr  .         Reflect  .     (no gloves)
SustAt .         Harm     .     (no boots)
MR     .....                    (no amulet)
Stlth  ++........               (no ring)
                                (no ring)

@: not resistant to hostile enchantments, unstealthy
A: carnivore 3
a: no special abilities


You were on level 3 of the Dungeon.
You were completely stuffed.

You visited 1 branch of the dungeon, and saw 3 of its levels.

You collected 160 gold pieces.

Inventory:

Hand Weapons
 a - a +0 rapier (weapon)
Missiles
 r - 7 poisoned needles
Armour
 b - a +0 scale mail
 c - a +0 shield (worn)
 h - a +1 cloak (worn)
 j - a +0 pair of gloves
 l - a +0 leather armour (worn)
Jewellery
 e - an uncursed ring of positive energy {unknown}
 g - an uncursed ring of protection from cold {unknown}
 o - an uncursed ring of protection from magic {unknown}
 q - a cursed amulet of inaccuracy {unknown}
Scrolls
 i - a scroll of enchant armour {unknown}
 m - a scroll of blinking {unknown}
 p - a scroll of random uselessness {unknown}
 t - a scroll of teleportation {unknown}
Potions
 d - 2 potions of might
 k - a potion of curing {unknown}
 u - a potion of agility {unknown}
Comestibles
 f - a meat ration
 n - 4 chunks of flesh
 s - a beef jerky


   Skills:
 + Level 3.7 Fighting
 + Level 3.6 Short Blades
 + Level 2.7 Armour
 + Level 1.9 Dodging
 + Level 1.9 Stealth
 + Level 2.6 Shields


You had 3 spell levels left.
You didn't know any spells.

Dungeon Overview and Level Annotations

Branches:
Dungeon (3/15)

Altars:
The Shining One


Innate Abilities, Weirdness & Mutations

You are small and have problems with some larger weapons.
You are carnivorous and can eat meat at any time.


Message History

The orc wizard gestures at you while chanting.
The puff of flame hits you!
You closely miss the orc wizard.
The orc wizard is severely wounded.
The orc wizard closely misses you.
You hit the orc wizard.
The orc wizard is severely wounded.
The orc wizard completely misses you. The orc wizard closely misses you.
You hit the orc wizard but do no damage.
The orc wizard is severely wounded.
The orc wizard hits you with a dagger. The orc wizard closely misses you.
You hit the orc wizard.
The orc wizard is almost dead.
The orc wizard hits you with a dagger.
* * * LOW HITPOINT WARNING * * *
You miss the orc wizard.
The orc wizard is almost dead.
The orc wizard casts a spell at you. The magic dart hits you!
You die...

.......##.. ......# ###.##..#.#
#... .o...# # #.###.#.# #..
.....## ###..##...# #.# #o....#
.....###..###.##########.....#
#....##...#.....##....# .....#
.........>......##....# #o.o.#
........#.....#.##....###o...#.#
........#....##.@+....#........#
#....####....##o##....#.o.....)#
#.#### #<...+........†........#
#.. #..%.##....####........# #.#
####.#.......##........# ..#
##...##..#.##........#
#....##....##.......##
#....##.......#######
#....###.####.#


You could see an orc wizard.

Vanquished Creatures
  An adder (D:3)
  An ooze (D:2)
  4 worms (D:2)
  2 dart slugs (D:2)
  2 orcs (D:3)
  8 bats
  4 giant cockroaches
  3 goblins (D:1)
  4 hobgoblins (D:1)
  4 jackals (D:1)
  2 ball pythons
  4 giant newts
  3 kobolds
  2 rats
44 creatures vanquished.

Notes
Turn   | Place    | Note
--------------------------------------------------------------
     0 | D:1      | AlphabetPasta the Kobold Fighter began the quest for the Orb.
     0 | D:1      | Reached XP level 1. HP: 14/14 MP: 1/1
   162 | D:1      | Reached XP level 2. HP: 14/19 MP: 2/2
   213 | D:1      | Found a glowing golden altar of the Shining One.
   318 | D:1      | Reached skill level 1 in Stealth
   430 | D:1      | Reached skill level 1 in Dodging
   449 | D:1      | Reached XP level 3. HP: 20/23 MP: 3/3
  1212 | D:2      | Reached XP level 4. HP: 17/28 MP: 4/4
  1870 | D:3      | Killed from afar by an orc wizard

Vault maps used:
D:1:      dpeg_arrival_stone_temple_mockup, serial_forest,
          infiniplex_forest_clump_diagonal, infiniplex_forest_diagonal,
          infiniplex_forest_corner_2, infiniplex_forest_lined_2,
          infiniplex_forest_clump_diagonal, tso_metal_star
D:3:      first_bread

Skill      XL: |  1  2 |
---------------+-------+-----
Short Blades   | 3 |  3.6
Stealth        | 1 |  1.9
Dodging        | 1 |  1.9
Fighting       | |  3.7
Armour         | |  2.7
Shields        | |  2.6

Action                   |  1- 3 |  4- 6 || total
-------------------------+-------+-------++-------
Melee: Rapier            |   147 |    31 ||   178
 Stab: Sleeping          |     3 |     3 ||     6
  Eat: Chunk             |    10 |     2 ||    12
Armor: Scale mail        |    41 |       ||    41
       Leather armour    |    11 |     2 ||    13
Dodge: Dodged            |    52 |    12 ||    64
Block: Shield            |    60 |     6 ||    66
